 Dungeon Crawl Stone Soup version 0.25-a0-1056-g2efb326896 (webtiles) character file.

Game seed: 4031802988691874784, levelgen mode: deterministic

7316 wullow the Blocker (level 10, 0/79 HPs)
             Began as a Demonspawn Fighter on May 13, 2020.
             Was a High Priest of Okawaru.
             Slain by a death yak (21 damage)
             ... on level 10 of the Dungeon.
             The game lasted 00:23:06 (9441 turns).

wullow the Blocker (Demonspawn Fighter)             Turns: 9441, Time: 00:23:07

Health: 0/79       AC:  7    Str: 25    XL:     10   Next: 90%
Magic:  10/10      EV: 19    Int:  5    God:    Okawaru [*****.]
Gold:   372        SH: 14    Dex: 26    Spells: 9/9 levels left

rFire    . . .     SeeInvis .   A - +3 dagger (speed)
rCold    . . .     Gourm    .   c - +1 kite shield
rNeg     . . .     Faith    .   G - +1 leather armour of the Volcano {Str+2 Dex+7} (curse)
rPois    .         Spirit   .   (no helmet)
rElec    .         Reflect  .   z - +0 cloak
rCorr    .         Harm     .   t - +0 pair of gloves
MR       .....                  T - +0 pair of boots
Stlth    +++.......             k - amulet of the Moon {Acrobat Str+7 Int-5 Dex+3}
HPRegen  0.23/turn              R - +4 ring of slaying
MPRegen  0.12/turn              O - ring of flight

@: mighty, studying Dodging
A: claws 1, demonic guardian 2, spiny 2
a: Heroism, Finesse, Renounce Religion, Evoke Flight


You were on level 10 of the Dungeon.
You worshipped Okawaru.
Okawaru was extremely pleased with you.
You were not hungry.

You visited 2 branches of the dungeon, and saw 11 of its levels.

You collected 582 gold pieces.
You spent 210 gold pieces at shops.

Inventory:

Hand Weapons
 a - a +0 rapier
 i - a +0 dagger
 p - a +1 broad axe of flaming
 A - a +3 dagger of speed (weapon)
Missiles
 l - 383 stones (quivered)
 r - 34 sling bullets
 s - 71 bolts
 E - a throwing net
 H - 74 arrows
Armour
 c - a +1 kite shield (worn)
 n - a cursed +0 robe
 o - a cursed +0 ring mail
 t - a +0 pair of gloves (worn)
 z - a +0 cloak (worn)
 F - +0 steam dragon scales
 G - the cursed +1 leather armour of the Volcano (worn) {Str+2 Dex+7}
   (You bought it in a shop on level 6 of the Dungeon)

   It affects your strength (+2).
   It affects your dexterity (+7).
   It has a curse placed upon it.
 T - a +0 pair of boots (worn)
 Z - a +2 robe of resistance
Magical Staves
 M - an uncursed staff of energy
Jewellery
 k - the amulet of the Moon (around neck) {Acrobat Str+7 Int-5 Dex+3}
   (You found it on level 4 of the Dungeon)

   [amulet of the acrobat]

   It helps you evade while moving and waiting.
   It affects your strength (+7).
   It affects your intelligence (-5).
   It affects your dexterity (+3).
 m - an uncursed amulet of magic regeneration
 K - an uncursed ring of wizardry
 O - a ring of flight (right hand)
 R - a +4 ring of slaying (left hand)
Wands
 e - a wand of paralysis (7)
 y - a wand of random effects (31)
 L - a wand of iceblast (8)
 Q - a wand of flame (14)
Scrolls
 h - a scroll of amnesia {unknown}
 u - a scroll of magic mapping
 C - a scroll of teleportation
 J - a scroll of enchant armour
 N - a scroll of remove curse
 P - a scroll of summoning
 U - a scroll of identify
 Y - a scroll of fog
Potions
 g - a potion of haste
 j - 2 potions of flight
 q - 3 potions of brilliance
 v - a potion of mutation {unknown}
 w - a potion of stabbing {unknown}
 x - a potion of magic {unknown}
 B - a potion of lignification {unknown}
 D - 2 potions of curing
 S - a potion of invisibility {unknown}
 V - 2 potions of heal wounds
 W - a potion of resistance {unknown}
Books
 I - a manual of Dodging
Miscellaneous
 X - a tin of tremorstones (3/3)
Comestibles
 f - 17 rations


   Skills:
 + Level 7.3 Fighting
 * Level 8.9 Short Blades
 - Level 3.0 Armour
 * Level 8.3 Dodging
 + Level 3.8 Stealth
 * Level 9.2 Shields


You had 9 spell levels left.
You didn't know any spells.
Your spell library was empty.

Dungeon Overview and Level Annotations

Branches:
Dungeon (10/15)            Temple (1/1) D:4            Lair (0/6) D:10
    Orc (0/2) D:9

Altars:
Ashenzari
Cheibriados
Dithmenos
Elyvilon
Fedhas
Gozag
Hepliaklqana
Kikubaaqudgha
Makhleb
Nemelex Xobeh
Okawaru
Qazlal
Ru
Sif Muna
Trog
Uskayaw
Vehumet
Wu Jian
Xom
Yredelemnul
Zin
The Shining One

Shops:
D:6 [


Innate Abilities, Weirdness & Mutations

You have sharp fingernails.
A demonic guardian rushes to your aid.
You are mostly covered in sharp spines.


Message History

Your orange demon hits the death yak but does no damage.
You barely miss the death yak.
The death yak is moderately wounded.
Unknown command.
You hit the death yak.
The death yak is heavily wounded.
The death yak closely misses you.
Unknown command.
You hit the death yak.
The death yak is heavily wounded.
The death yak gores your orange demon!!
Your orange demon stings the death yak!
Your orange demon hits the death yak!
Unknown command.
You puncture the death yak!
The death yak is almost dead.
Unknown command.
You barely miss the death yak.
The death yak is almost dead.
The death yak gores you!!
You die...

**#....#********,,
##..##*********,
#.##>,,,⌠,,,>**
#.#*,,,,,,,,,**
#†#****,,,*****
####.#*,,+,,,+,,**
####..Y.#*,,+,,,+,,**
##....Y4.#****,,,*****
#..#.@...#*,,,,,,,,,**
#..#.....#*,,,,,,,,,**
*#.......#*,,,,,,,,,**
##...##.##,,,,,,,,,**
###.....##**,,,****,
########.........,,,,,,,,,
###............##..,,,,**,,,
#....).........#,..,,,,,,,,,
#/..##......##....,,,,,,,,,,


You could see 2 death yaks and a friendly orange demon (summoned).

Vanquished Creatures
  3 death yaks (D:10)
  Maggie (D:6)
  A kobold demonologist (D:7)
  A hornet (D:9)
  Grinder (D:6)
  2 hippogriffs
  Eustachio (D:6)
  A wyvern (D:9)
  2 hungry ghosts
  Menkaure (D:5)
  2 orc warriors (D:8)
  2 phantoms (D:6)
  A sky beast (D:8)
  A necrophage (D:8)
  2 ogres
  3 centaurs
  A crocodile (D:8)
  A big kobold (D:8)
  2 bullfrogs
  3 killer bees
  A water moccasin skeleton (D:7)
  4 scorpions
  7 wights
  3 howler monkeys
  4 crimson imps
  A hound (D:8)
  2 jellies
  3 orc priests
  2 orc wizards
  A centaur skeleton (D:5)
  Terence (D:3)
  An iguana (D:9)
  9 worker ants
  A hound skeleton (D:6)
  A worker ant zombie (D:9)
  12 adders
  A shadow imp (D:6)
  An ooze (D:2)
  2 adder skeletons (D:4)
  8 worms
  A dart slug (D:2)
  6 leopard geckos
  20 orcs
  3 ball pythons
  6 giant cockroaches
  8 goblins
  6 hobgoblins
  9 jackals
  11 quokkas
  6 bats
  7 frilled lizards
  A jackal skeleton (D:4)
  13 kobolds
  A leopard gecko skeleton (D:6)
  10 rats
205 creatures vanquished.

Vanquished Creatures (collateral kills)
  A death yak (D:10)
  A two-headed ogre (D:9)
  2 ogres
  A big kobold (D:7)
  A bullfrog (D:8)
  A killer bee (D:8)
  An orc wizard (D:8)
  A worker ant (D:9)
  3 orcs
  A jackal (D:8)
  A kobold (D:7)
14 creatures vanquished.

Grand Total: 219 creatures vanquished

Notes
Turn   | Place    | Note
-------+----------+-------------------------------------------
     0 | D:1      | wullow the Demonspawn Fighter began the quest for the Orb.
     0 | D:1      | Reached XP level 1. HP: 18/18 MP: 1/1
   563 | D:1      | Gained mutation: You are partially covered in sharp spines.
                  | [demonic ancestry]
   563 | D:1      | Reached XP level 2. HP: 24/24 MP: 2/2
   706 | D:1      | Reached skill level 3 in Shields
  1128 | D:2      | Reached XP level 3. HP: 24/29 MP: 3/3
  1592 | D:2      | Gained mutation: A weak demonic guardian rushes to your
                  | aid. [demonic ancestry]
  1592 | D:2      | Reached XP level 4. HP: 35/35 MP: 4/4
  2153 | D:3      | Noticed a bullfrog
  2154 | D:3      | Noticed Terence
  2167 | D:3      | Killed Terence
  2169 | D:3      | Killed a bullfrog
  2169 | D:3      | Gained mutation: You have sharp fingernails. [demonic
                  | ancestry]
  2169 | D:3      | Reached XP level 5. HP: 42/42 MP: 5/5
  2562 | D:3      | Reached skill level 4 in Shields
  2906 | D:3      | Found a glowing golden altar of the Shining One.
  3188 | D:4      | Reached XP level 6. HP: 47/48 MP: 6/6
  3247 | D:4      | Found a staircase to the Ecumenical Temple.
  3253 | Temple   | Entered the Ecumenical Temple
  3756 | D:4      | Got a coiled pewter amulet
  3780 | D:4      | Identified the amulet of the Moon {Acrobat Str+7 Int-5
                  | Dex+3} (You found it on level 4 of the Dungeon)
  3952 | D:4      | Found a sacrificial altar of Ru.
  4054 | D:5      | Entered Level 5 of the Dungeon
  4098 | D:5      | Found a sparkling altar of Nemelex Xobeh.
  4098 | D:5      | Found an opulent altar of Gozag.
  4168 | D:5      | Noticed Menkaure
  4178 | D:5      | Killed Menkaure
  4178 | D:5      | Reached skill level 5 in Shields
  4178 | D:5      | Reached XP level 7. HP: 37/55 MP: 7/7
  5031 | D:5      | Reached skill level 1 in Stealth
  5270 | D:6      | Reached skill level 5 in Short Blades
  5275 | D:6      | Found Wiasch's Antique Armour Shoppe.
  5360 | D:6      | Bought a twisted leather armour for 210 gold pieces
  5514 | D:6      | Reached skill level 5 in Fighting
  5534 | D:6      | Found a blossoming altar of Fedhas.
  5541 | D:6      | Reached XP level 8. HP: 58/62 MP: 8/8
  5564 | D:6      | Found a shimmering blue altar of Sif Muna.
  5609 | D:6      | Noticed Eustachio
  5636 | D:6      | Killed Eustachio
  5636 | D:6      | Reached skill level 6 in Shields
  5789 | D:6      | Noticed Maggie
  5789 | D:6      | Noticed Grinder
  5801 | D:6      | Paralysed by Grinder for 4 turns
  5811 | D:6      | Killed Maggie
  5816 | D:6      | Paralysed by Grinder for 4 turns
  5822 | D:6      | Killed Grinder
  6088 | D:6      | Identified the cursed +1 leather armour of the Volcano
                  | {Str+2 Dex+7} (You bought it in a shop on level 6 of the
                  | Dungeon)
  6229 | D:6      | Identified a scroll of acquirement
  6291 | D:6      | Found a hide-covered altar of Uskayaw.
  6291 | D:6      | Found an iron altar of Okawaru.
  6388 | D:6      | Became a worshipper of Warmaster Okawaru
  6459 | D:7      | Reached skill level 7 in Shields
  6463 | D:7      | Noticed a kobold demonologist
  6487 | D:7      | Killed a kobold demonologist
  6487 | D:7      | Gained mutation: You are mostly covered in sharp spines.
                  | [demonic ancestry]
  6487 | D:7      | Reached XP level 9. HP: 69/69 MP: 9/9
  6796 | D:7      | Reached * piety under Okawaru
  7737 | D:8      | Reached skill level 5 in Dodging
  7843 | D:8      | Reached ** piety under Okawaru
  7843 | D:8      | Reached skill level 8 in Shields
  8071 | D:8      | Gained mutation: A demonic guardian rushes to your aid.
                  | [demonic ancestry]
  8071 | D:8      | Reached XP level 10. HP: 77/77 MP: 10/10
  8459 | D:9      | Found a staircase to the Orcish Mines.
  8589 | D:9      | Noticed a two-headed ogre
  8603 | D:9      | Killed a two-headed ogre
  8603 | D:9      | Reached *** piety under Okawaru
  9344 | D:10     | Entered Level 10 of the Dungeon
  9377 | D:10     | Noticed a death yak
  9381 | D:10     | Noticed a death yak
  9384 | D:10     | Noticed a death yak
  9384 | D:10     | Noticed a death yak
  9390 | D:10     | Noticed a death yak
  9390 | D:10     | Noticed a death yak
  9391 | D:10     | Killed a death yak
  9391 | D:10     | Reached **** piety under Okawaru
  9413 | D:10     | Killed a death yak
  9426 | D:10     | Killed a death yak
  9426 | D:10     | Reached skill level 9 in Shields
  9434 | D:10     | Killed a death yak
  9434 | D:10     | Reached ***** piety under Okawaru
  9441 | D:10     | Slain by a death yak

Illustrated notes

Levels and vault maps discovered:
D:1:      matt_arrival_grand_opening, layout_basic
D:2:      minmay_inner_zag, layout_basic, minmay_misc_feat_cross,
          corexii_corridor_pit, kennysheep_big_empty_room
D:3:      minmay_octagon_keep, layout_loops_ring, tso_oasis_becter, uniq_terence
D:4:      layout_gridville, nicolae_overflow_hidden_temple,
          minmay_temple_entry_mini_moons
D:5:      layout_loops_corners, grunt_temple_overflow_opulence, first_ration,
          uniq_menkaure
D:6:      layout_cave_pools, minitemple, amethyst_overflow_temple_binary,
          serial_shops, shop, uniq_maggie, uniq_grinder, uniq_eustachio
D:7:      layout_loops_corners
D:8:      layout_rooms, blue_anna_alchemist [blue_anna_fruit_fields,
          blue_anna_fruit_fields]
D:9:      layout_small_grid, david_orc_3
D:10:     layout_cave_pools, dpeg_lair_monsters, serial_gnoll_camp,
          gnoll_camp_huts_moat, gnoll_camp_medium_02, gnoll_camp_mini_hut,
          gnoll_camp_medium_01, gnoll_camp_mini_house, enter_bailey_3
Temple:   nicolae_temple_great_sept

Skill      XL: |  1  2  3  4  5  6  7  8  9 10 |
---------------+-------------------------------+-----
Short Blades   | 2 3 4 5 6 7 8 |  8.9
Shields        | 3 4 5 7 8 9 |  9.2
Armour         | 3 |  3.0
Fighting       | 4 5 6 7 |  7.3
Stealth        | 1 3 |  3.8
Dodging        | 2 5 8 |  8.3

Action                   |  1- 3 |  4- 6 |  7- 9 | 10-12 || total
-------------------------+-------+-------+-------+-------++-------
Melee: Rapier            |    96 |    88 |       |       ||   184
       Dagger            |       |   131 |   461 |   200 ||   792
  Use: Potion            |       |     1 |     2 |     1 ||     4
       Scroll            |       |     9 |     7 |     1 ||    17
 Stab: Sleeping          |       |       |     7 |     4 ||    11
       Distracted        |       |       |     5 |       ||     5
  Eat: Chunk             |     2 |     8 |    11 |     4 ||    25
       Ration            |       |       |     1 |       ||     1
Armor: Scale mail        |    33 |    46 |    22 |       ||   101
       Leather armour    |       |       |    20 |    10 ||    30
Dodge: Dodged            |    22 |    35 |    60 |    22 ||   139
Block: Kite shield       |    40 |    78 |   159 |    60 ||   337

Table legend:
 A = Non-vault XP
 B = Vault XP
 C = Vault XP percentage of total XP
 D = Non-vault monster count
 E = Vault monster count
 F = Vault count percentage of total count
                 A         B        C        D         E       F
            +---------+---------+-------+---------+---------+-------
      Total |    6605 |    3847 |  36.8 |     183 |      36 |  16.4
            +---------+---------+-------+---------+---------+-------
        D:1 |      32 |       0 |   0.0 |      19 |       0 |   0.0
        D:2 |      87 |       5 |   5.4 |      25 |       3 |  10.7
        D:3 |     121 |      92 |  43.2 |      22 |      17 |  43.6
        D:4 |     222 |       0 |   0.0 |      20 |       0 |   0.0
        D:5 |     307 |     172 |  35.9 |      13 |       1 |   7.1
        D:6 |     762 |     862 |  53.1 |      16 |       3 |  15.8
        D:7 |    1038 |       0 |   0.0 |      14 |       0 |   0.0
        D:8 |    1910 |      95 |   4.7 |      37 |       1 |   2.6
        D:9 |    1968 |     130 |   6.2 |      15 |       7 |  31.8
       D:10 |     158 |    2491 |  94.0 |       2 |       4 |  66.7
            +---------+---------+-------+---------+---------+-------
